Map: [ESL] Crimson Court

Players

gumiho - Winner!

  • Race: Terran Terran
  • Spawn Location: 1:00

ProtossFan (uThermal)

  • Race: Terran Terran
  • League: Grandmaster
  • Spawn Location: 7:00

Event: HomeStory Cup XXV

VOD

Have the link to the VOD?

Description

Time

  • Played on: June 21, 2024, 12:27 p.m.
  • Length: 8:18

All games in this series

Show
View Real Time Build Order
Export as new Build Order

gumiho Terran - Winner!

Build Orders: Cyclone Opening 

Get SALT Encoding   

  12  0:00  SCV  
  13  0:12  SCV  
  14  0:17  Supply Depot  
  14  0:24  SCV  
  15  0:38  SCV  
  15  0:40  Barracks  
  16  0:44  Refinery  
  16  0:51  SCV  
  16  0:52  Refinery  
  17  1:03  SCV  
  18  1:15  SCV  
  19  1:27  Orbital Command  
  19  1:28  Reaper  
  19  1:31  Supply Depot  
  20  1:40  Factory  
  20  1:52  SCV  
  21  1:59  Marine  
  22  2:04  SCV  
  23  2:15  Command Center  
  23  2:17  SCV  
  24  2:23  Cyclone  
  26  2:32  Starport  
  26  2:34  SCV  
  27  2:41  Supply Depot, Barracks Reactor  
  27  2:46  SCV  
  28  2:56  Cyclone  
  30  2:58  SCV  
  31  3:09  Medivac  
  31  3:11  SCV  
  34  3:18  Marine x2  
  36  3:23  SCV  
  36  3:26  Orbital Command  
  37  3:28  Cyclone  
  39  3:35  SCV, Marine  
  39  3:36  Marine  
  39  3:41  Liberator  
  42  3:48  SCV  
  46  3:50  Supply Depot  
  46  3:53  Marine x2  
  46  3:54  SCV  
  49  4:00  SCV  
  49  4:01  Cyclone  
  49  4:12  Marine  
  49  4:14  Marine  
  49  4:16  SCV  
  49  4:17  SCV  
  47  4:30  Marine  
  47  4:31  SCV x2  
  44  4:34  Factory Tech Lab  
  44  4:35  Starport Tech Lab  
  42  4:43  SCV x2  
  44  4:53  Raven, Siege Tank  
  44  4:55  SCV  
  50  5:02  Command Center  
  50  5:10  SCV x2  
  52  5:20  Refinery  
  52  5:22  Marine x2  
  52  5:23  Supply Depot, SCV x2, Refinery  
  52  5:25  Siege Tank  
  59  5:30  Supply Depot  
  59  5:35  SCV x2  
  61  5:46  Viking x2  
  61  5:48  SCV x2  
  64  5:54  Supply Depot  
  64  6:00  SCV x2  
  64  6:02  Factory  
  66  6:08  Siege Tank  
  69  6:12  SCV x2  
  69  6:15  Orbital Command  
  71  6:20  Viking  
  71  6:22  Viking  
  75  6:25  Engineering Bay  
  75  6:26  SCV x2  
  75  6:30  Orbital Command  
  75  6:31  Supply Depot  
  77  6:38  SCV x2  
  82  6:47  Starport  
  82  6:52  Starport  
  82  6:54  SCV x2  
  84  6:57  Viking x2  
  84  6:58  SCV  
  86  7:02  Refinery  
  86  7:04  Supply Depot  
  86  7:05  Supply Depot  
  86  7:06  SCV  
  87  7:17  SCV x2  
  87  7:18  SCV  
  90  7:26  Viking  
  90  7:27  Viking x2  
  90  7:29  SCV x2, Viking  
  100  7:30  SCV  
  101  7:39  Supply Depot  
  101  7:41  SCV x2  
  101  7:42  SCV  
  110  7:53  SCV x2  
  110  7:54  SCV  
  110  7:58  Supply Depot  
  111  7:59  Supply Depot x2  
Show
View Real Time Build Order
Export as new Build Order

ProtossFan Terran 

Build Orders:  

Get SALT Encoding   

  12  0:00  SCV  
  13  0:12  SCV  
  14  0:16  Supply Depot  
  14  0:24  SCV  
  15  0:38  SCV  
  15  0:41  Barracks  
  16  0:43  Refinery  
  16  0:50  SCV  
  16  0:52  Refinery  
  17  1:02  SCV  
  18  1:14  SCV  
  19  1:28  Orbital Command, Reaper  
  20  1:34  Supply Depot  
  20  1:42  Factory  
  20  1:53  SCV  
  21  2:00  Barracks Reactor  
  21  2:06  SCV  
  22  2:18  SCV  
  23  2:22  Command Center  
  23  2:27  Hellion  
  25  2:30  SCV  
  25  2:35  Supply Depot  
  26  2:37  Reaper  
  26  2:39  Reaper  
  26  2:42  SCV  
  29  2:48  Hellion  
  31  2:56  SCV  
  31  2:57  Starport  
  32  3:08  SCV  
  32  3:10  Reaper  
  32  3:11  Reaper  
  32  3:12  Hellion  
  37  3:17  Refinery  
  37  3:20  SCV  
  38  3:32  SCV  
  39  3:34  Orbital Command  
  39  3:37  Cyclone  
  41  3:43  Viking  
  41  3:47  Marine  
  44  3:48  Marine  
  44  3:51  SCV  
  46  3:58  Supply Depot  
  46  4:00  SCV  
  47  4:03  SCV  
  47  4:06  Marine  
  47  4:08  Marine  
  39  4:17  SCV  
  36  4:24  Marine  
  36  4:25  Starport Tech Lab, SCV  
  36  4:26  Marine  
  35  4:38  SCV  
  36  4:41  SCV  
  36  4:43  Factory Tech Lab  
  38  4:47  Raven  
  38  4:50  SCV  
  40  4:53  SCV  
  41  5:01  Siege Tank  
  41  5:02  SCV  
  41  5:04  Starport  
  41  5:05  SCV  
  40  5:14  SCV  
  40  5:21  Viking  
  43  5:26  SCV  
  44  5:33  SCV  
  45  5:38  SCV  
  44  5:45  SCV  
  39  5:50  SCV  
  39  5:51  Viking  
  42  5:57  Raven  
  42  5:59  Siege Tank  
  48  6:07  Viking  
  48  6:08  SCV  
  48  6:09  SCV  
  51  6:12  Interference Matrix  
  51  6:19  Refinery  
  51  6:20  SCV  
  51  6:21  Viking  
  51  6:22  SCV  
  55  6:26  Supply Depot  
  55  6:32  SCV  
  58  6:34  SCV  
  59  6:42  Viking  
  59  6:43  Siege Tank  
  62  6:47  SCV x2  
  62  6:49  Supply Depot  
  62  6:52  Viking  
  66  6:55  Viking  
  66  6:57  Marine  
  66  6:59  SCV  
  70  7:02  Supply Depot  
  70  7:11  SCV  
  70  7:15  Siege Tank  
  76  7:16  Liberator  
  76  7:18  SCV  
  78  7:25  Supply Depot x2  
  78  7:28  SCV  
  79  7:38  Viking x2  
  79  7:41  SCV  
  84  7:46  SCV  
  84  7:48  Supply Depot  
  88  7:53  SCV  
  88  7:58  SCV  
  90  8:00  Supply Depot  
  90  8:05  SCV  
Tags
 
Add a new tag
Caveats
  • Supply blocks, unpowered buildings, or Contaminate may cause inaccurate times.
  • Supply counts are checked every 10 seconds.